 Dungeon Crawl Stone Soup version 0.28-a0-1159-g27aa881441 (webtiles) character file.

Game seed: 2618788587683891775

581 lonewolfV2 the Ruffian (level 7, -3/67 HPs)
             Began as a Troll Fighter on Dec 15, 2021.
             Slain by a lemure (8 damage)
             ... led by Pikel
             ... on level 4 of the Dungeon.
             The game lasted 00:06:18 (2577 turns).

lonewolfV2 the Ruffian (Troll Fighter)              Turns: 2577, Time: 00:06:19

Health: -3/67      AC:  8    Str: 27    XL:     7   Next: 14%
Magic:  6/6        EV: 10    Int:  4    God:
Gold:   138        SH:  0    Dex:  9    Spells: 6/6 levels left

rFire   . . .      SeeInvis .   t - +2 halberd (vamp)
rCold   . . .      Faith    .   (shield currently unavailable)
rNeg    . . .      Spirit   .   a - +0 robe
rPois   .          Reflect  .   (helmet restricted)
rElec   .          Harm     .   (no cloak)
rCorr   .          Rampage  .   (gloves unavailable)
Will    .....                   (boots unavailable)
Stlth   +.........              l - amulet of regeneration
HPRegen 1.81/turn               q - +4 ring of protection
MPRegen 0.10/turn               (no ring)

@: mighty, flying, invisible
A: large, unfitting armour, claws 3, regeneration 1, shaggy fur 1, tough skin 1
a: no special abilities


You were on level 4 of the Dungeon.
You visited 1 branch of the dungeon, and saw 4 of its levels.

You collected 138 gold pieces.

Inventory:

Hand Weapons
 t - a +2 vampiric halberd (weapon)
Missiles
 k - a throwing net (quivered)
Armour
 a - a +0 robe (worn)
 b - a +0 kite shield
Jewellery
 l - an amulet of regeneration (around neck)
 q - a +4 ring of protection (left claw)
Wands
 s - a wand of charming (5)
Scrolls
 d - 2 scrolls of magic mapping
 j - 2 scrolls of immolation {unknown}
 m - a scroll of amnesia {unknown}
 n - 3 scrolls of identify {unknown}
 o - a scroll of vulnerability {unknown}
 p - 4 scrolls of noise {unknown}
 r - a scroll of fear {unknown}
 u - a scroll of blinking {unknown}
Potions
 c - a potion of might
 e - a potion of berserk rage {unknown}
 f - a potion of flight
 g - a potion of attraction {unknown}
 h - a potion of lignification {unknown}


   Skills:
 + Level 3.1 Fighting
 + Level 1.0 Polearms
 + Level 4.1 Dodging
 + Level 0.6 Stealth
 + Level 3.6 Shields
 + Level 4.9 Unarmed Combat


You had 6 spell levels left.
You didn't know any spells.
Your spell library contained the following spells:

 Spells                   Type           Power      Damage    Failure   Level
 Ensorcelled Hibernation  Hex/Ice        0%         N/A       65%         2
 Spider Form              Tmut/Pois      0%         N/A       86%         3


Dungeon Overview and Level Annotations

Branches:
Dungeon (4/15)
 Temple: D:4-7

Altars:
Qazlal
Zin

Shops:
D:1 [   D:3 =

Annotations:
D:4 Pikel


Innate Abilities, Weirdness & Mutations

You are too large for most types of armour.
You have claws for hands.
Your natural rate of healing is unusually fast.
You are covered in fur. (AC +1)
You have tough skin. (AC +1)


Message History

The bat zombie hits you but does no damage. x2
The bat zombie closely misses you. The lemure closely misses you.
The lemure hits you.
The bat zombie hits you but does no damage.
Pikel hits you with a +1 whip of freezing.
Pikel freezes you. The lemure hits you.
* * * LOW HITPOINT WARNING * * *
You hit the bat zombie.
The bat zombie is moderately damaged.
The bat zombie closely misses you. The bat zombie misses you.
The bat zombie barely misses you. The lemure barely misses you.
Pikel barely misses you. The bat zombie closely misses you.
The lemure barely misses you. The lemure hits you.
* * * LOW HITPOINT WARNING * * *
Pikel hits you with a +1 whip of freezing.
* * * LOW HITPOINT WARNING * * *
Pikel freezes you.
* * * LOW HITPOINT WARNING * * *
It was a potion of flight.
You feel very buoyant.
You fly up into the air.
The bat zombie barely misses you.
The bat zombie hits you but does no damage.
The lemure hits you but does no damage. The bat zombie barely misses you.
The lemure barely misses you. Pikel barely misses you.
It was a potion of invisibility.
You fade into invisibility!
The bat zombie misses you. The bat zombie closely misses you.
The lemure closely misses you. The bat zombie barely misses you.
The lemure barely misses you. Pikel hits you but does no damage.
You feel very mighty all of a sudden.
The bat zombie closely misses you. x2; The lemure misses you. x2
The bat zombie closely misses you.
Pikel hits you with a +1 whip of freezing!
* * * LOW HITPOINT WARNING * * *
Pikel freezes you.
* * * LOW HITPOINT WARNING * * *
You barely miss Pikel.
Pikel is heavily wounded.
The lemure hits you!
You die...

##'''#####
##.....##
##.⌠.#.⌠.##
#.#.#.#.#.#
#..#.⌠.#..#
#.#.#.#.#.#
##.⌠.#.⌠.##
#.#.#5#.#.#
.⌠.#.Z@#.⌠.#
.#.#K#5#.##
#.⌠5# b.#.#
.#.# .#.##
⌠.# #.⌠.#
#.# # ## ##


You could see Pikel, 3 lemures, a vampire bat and a bat zombie.

Vanquished Creatures
  A sky beast (D:4)
  An ogre (D:3)
  A lemure (D:4)
  A phantom (D:4)
  A gnoll shaman (D:4)
  A centaur skeleton (D:4)
  An orc priest (D:3)
  14 gnolls
  2 adders (D:3)
  A worm (D:2)
  4 dart slugs
  3 orcs (D:3)
  2 bat skeletons (D:4)
  2 bat zombies (D:4)
  7 endoplasms
  6 giant cockroaches
  4 goblins
  5 hobgoblins
  3 jackals (D:4)
  8 quokkas
  3 ball pythons
  3 bats
  3 frilled lizards (D:2)
  3 kobolds
  6 rats
86 creatures vanquished.

Vanquished Creatures (others)
  6 plants (D:2)
6 creatures vanquished.

Grand Total: 92 creatures vanquished

Notes
Turn   | Place    | Note
-------+----------+-------------------------------------------
     0 | D:1      | lonewolfV2 the Troll Fighter began the quest for the Orb.
     0 | D:1      | Reached XP level 1. HP: 22/22 MP: 0/0
   176 | D:1      | Reached XP level 2. HP: 29/29 MP: 1/1
   213 | D:1      | Found Beskoxt's Antique Armour Shop.
   301 | D:1      | Found a faded altar of an unknown god.
   725 | D:2      | Reached XP level 3. HP: 24/36 MP: 2/2
   944 | D:2      | Reached XP level 4. HP: 25/44 MP: 3/3
  1510 | D:3      | Found a stormy altar of Qazlal.
  1711 | D:3      | Reached XP level 5. HP: 52/52 MP: 4/4
  1830 | D:3      | Noticed an ogre
  1838 | D:3      | Killed an ogre
  2006 | D:3      | Found Horuvuot's Jewellery Shoppe.
  2219 | D:4      | Found a glowing silver altar of Zin.
  2311 | D:4      | Reached XP level 6. HP: 50/59 MP: 5/5
  2336 | D:4      | Noticed a sky beast
  2356 | D:4      | Killed a sky beast
  2452 | D:4      | Reached skill level 1 in Polearms
  2452 | D:4      | Reached XP level 7. HP: 67/67 MP: 6/6
  2565 | D:4      | Noticed Pikel
  2576 | D:4      | HP: 2/67 [Pikel (5)]
  2577 | D:4      | Slain by a lemure

Illustrated notes

Levels and vault maps discovered:
D:1:      tarquinn_simple_flora_water_e, layout_rooms,
          shapermc_ecumenical_altar_mp_highgroup, serial_shops, shop
D:2:      wad_woods_settlement, layout_basic, kennysheep_generic_room_14
D:3:      layout_loops_ring, nicolae_qazlal_scattered_showers, serial_shops,
          shop
D:4:      layout_loops_ring, nicolae_ru_sacrificial_ziggurat,
          kennysheep_vampire_church, mainiacjoe_overflow_boulevard,
          fedhas_altar_fruit_tree, uniq_robin, uniq_pikel

Skill      XL: |  1  2  3  4  5  6 |
---------------+-------------------+-----
Dodging        | 3 4 |  4.1
Unarmed Combat | 3 4 |  4.9
Shields        | 3 |  3.6
Fighting       | 3 |  3.1
Polearms       | 1 |  1.0
Stealth        | |  0.6

Action                   |  1- 3 |  4- 6 |  7- 9 || total
-------------------------+-------+-------+-------++-------
Melee: Unarmed           |    92 |   130 |       ||   222
       Halberd           |       |    49 |    51 ||   100
  Use: Scroll            |     1 |       |       ||     1
       Potion            |       |       |     3 ||     3
 Stab: Sleeping          |       |     1 |       ||     1
Armor: Robe              |    71 |    61 |   115 ||   247
Dodge: Dodged            |    62 |    92 |   127 ||   281
Block: Kite shield       |    69 |    51 |       ||   120

Table legend: (Time is in decaauts)
 A = Elapsed time spent in this place.
 B = Non-inter-level travel time spent in this place.
 C = Inter-level travel time spent in this place.
 D = Time resting spent in this place.
 E = Time spent auto-exploring this place.
 F = Levels seen in this place.
 G = Mean time per level.
                   A        B        C        D        E       F      G
               +--------+--------+--------+--------+--------+-----+--------+
         Total |   2656 |   2588 |     68 |      0 |   1675 |   4 |  664.0 |
       Dungeon |   2656 |   2588 |     68 |      0 |   1675 |   4 |  664.0 |
               +--------+--------+--------+--------+--------+-----+--------+

Top non-repeatable levels by time:
     D:2: 900 daAuts
     D:3: 756 daAuts
     D:1: 579 daAuts
     D:4: 421 daAuts
